 Dungeon Crawl Stone Soup version 0.27.1 (webtiles) character file.

Game seed: 3084814944159202602

8694 fiver49 the Destroyer (level 11, 0/61 HPs)
             Began as a Tengu Conjurer on Aug 25, 2021.
             Was a Believer of Vehumet.
             Slain by a minotaur (3 damage)
             ... in a Gauntlet.
             The game lasted 00:39:04 (13427 turns).

fiver49 the Destroyer (Tengu Conjurer)             Turns: 13427, Time: 00:39:04

Health: 0/61       AC:  7    Str:  8    XL:     11   Next: 34%
Magic:  7/24       EV: 30    Int: 22    God:    Vehumet [**....]
Gold:   634        SH:  7    Dex: 12    Spells: 12/26 levels left

rFire    + + .     SeeInvis .   R - staff of conjuration
rCold    x x .     Faith    .   u - +2 buckler
rNeg     . . .     Spirit   .   H - +0 troll leather armour
rPois    +         Reflect  .   (helmet restricted)
rElec    .         Harm     .   Q - +2 cloak {rPois}
rCorr    .         Rampage  .   (no gloves)
Will     .....     NoTele   +   (boots unavailable)
Stlth    ++........             e - amulet of the acrobat
HPRegen  1.20/turn              F - ring of fire
MPRegen  0.19/turn              K - ring of fire

@: acrobatic, flying quickly and evasively, quick
A: beak, talons 3, nimble flight
a: Renounce Religion


You were in a Gauntlet.
You worshipped Vehumet.
Vehumet was pleased with you.
You visited 1 branch of the dungeon, and saw 11 of its levels.
You also visited: Sewer and Gauntlet.

You collected 634 gold pieces.

Inventory:

Hand Weapons
 b - a +2 whip of flaming
   (You took it off a kobold on level 1 of the Dungeon)
 s - the +1 dagger of Oenomania {antimagic, rF+ rN+}
   (You found it on level 5 of the Dungeon)

   It reduces the magical energy of the wielder, and disrupts the spells and
   magical abilities of those it strikes.
   Natural abilities and divine invocations are not affected.
   rF:        It protects you from fire.
   rN:        It protects you from negative energy.
 v - a +1 whip of electrocution
   (You took it off Pikel on level 5 of the Dungeon)
Missiles
 f - 14 boomerangs
 o - 43 poisoned darts (quivered)
Armour
 a - a +0 robe
 m - a +0 cloak
   (You found it on level 3 of the Dungeon)
 u - a +2 buckler (worn)
   (You took it off a gnoll sergeant on level 5 of the Dungeon)
 H - a +0 troll leather armour (worn)
   (You found it on level 8 of the Dungeon)
 Q - a +2 cloak of poison resistance (worn)
   (You found it in a Gauntlet)
 S - the +0 pair of gloves of Defence {Harm *Slow +Inv rC++}
   (You found it in a Gauntlet)

   rC:        It greatly protects you from cold.
   +Inv:      It lets you turn invisible.
   *Slow:     It may slow you when you take damage.
   Harm:      It increases damage dealt and taken.
Magical Staves
 R - a staff of conjuration (weapon)
   (You acquired it in a Gauntlet)
Jewellery
 e - an amulet of the acrobat (around neck)
   (You found it on level 1 of the Dungeon)
 j - a ring of ice
   (You took it off a kobold on level 2 of the Dungeon)
 w - an amulet of reflection
   (You found it on level 6 of the Dungeon)
 F - a ring of fire (left hand)
   (You took it off a wight on level 8 of the Dungeon)
 J - a ring of poison resistance
   (You found it on level 9 of the Dungeon)
 K - a ring of fire (right hand)
   (You found it on level 10 of the Dungeon)
Wands
 E - a wand of flame (37)
   (You found it on level 7 of the Dungeon)
 T - a wand of digging (7)
   (You found it in a Gauntlet)
Scrolls
 h - a scroll of magic mapping {unknown}
 i - a scroll of summoning {unknown}
 k - a scroll of noise {unknown}
 l - 4 scrolls of teleportation
 r - a scroll of amnesia
 x - a scroll of holy word
 A - a scroll of enchant weapon {unknown}
 C - 4 scrolls of fog
 D - a scroll of blinking {unknown}
 G - 2 scrolls of immolation
 N - a scroll of fear {unknown}
Potions
 g - a potion of might {unknown}
 n - 8 potions of curing
 p - 3 potions of haste
 q - 2 potions of berserk rage
 z - 4 potions of heal wounds
 B - a potion of cancellation {unknown}
 I - a potion of invisibility {unknown}
 L - 3 potions of attraction
 O - a potion of brilliance {unknown}
 P - a potion of mutation {unknown}


   Skills:
 + Level 4.1 Fighting
 + Level 3.5 Armour
 + Level 5.0 Dodging
 - Level 4.0 Stealth
 - Level 4.0 Shields
 + Level 8.0 Spellcasting
 + Level 13.0 Conjurations
 + Level 8.7 Fire Magic


You had 12 spell levels left.
You knew the following spells:

 Your Spells              Type           Power      Damage    Failure   Level
a - Magic Dart            Conj           100%       1d8       1%          1
b - Searing Ray           Conj           100%       3d7       1%          2
c - Fireball              Conj/Fire      56%        3d22      3%          5
d - Starburst             Conj/Fire      56%        6d15      19%         6

Your spell library contained the following spells:

 Spells                   Type           Power      Damage    Failure   Level
 Foxfire                  Conj/Fire      100%       2x1d9     1%          1
 Dazzling Flash           Conj/Hex       100%       N/A       2%          3
 Fulminant Prism          Conj/Hex       27%        3d14      7%          4
 Hailstorm                Conj/Ice       54%        3d12      7%          4
 Iskenderun's Mystic Bla  Conj/Tloc      54%        2d12      7%          4
 Animate Skeleton         Necr           16%        N/A       11%         1
 Apportation              Tloc           16%        N/A       11%         1
 Corona                   Hex            8%         N/A       11%         1
 Freeze                   Ice            32%        1d5       11%         1
 Summon Small Mammal      Summ           32%        N/A       11%         1
 Call Canine Familiar     Summ           8%         N/A       30%         3
 Frozen Ramparts          Ice            16%        1d3       30%         3
 Portal Projectile        Hex/Tloc       16%        N/A       30%         3
 Leda's Liquefaction      Hex/Erth       4%         N/A       71%         4
 Alistair's Intoxication  Tmut/Pois      5%         N/A       96%         5
 Invisibility             Hex            4%         N/A       100%        6
 Ignition                 Fire           41%        3d12      100%        8


Dungeon Overview and Level Annotations

Branches:
Dungeon (11/15)            Temple (0/1) D:7            Lair (0/6) D:10
    Orc (0/2) D:10          Sewer (visited)         Gauntlet (1/1)

Altars:
Ashenzari
Cheibriados
Elyvilon
Gozag
Kikubaaqudgha
Makhleb
Nemelex Xobeh
Okawaru
Ru
Sif Muna
Trog
Vehumet
Wu Jian
Xom
Zin
The Shining One

Shops:
D:2 (=

Annotations:
D:3 Ijyb
D:5 Grinder
D:6 2 transporters, lnt's ghost, novice MiBe
D:8 Maurice
D:10 2 transporters, RatsInWalls's ghost, journeyman TrBe Gauntlet 6 transporters, exclusion: 2 lightning spires


Innate Abilities, Weirdness & Mutations

You have a beak for a mouth.
You have claws for feet.
Your magical nature lets you fly swiftly and evasively.


Message History

Casting: Starburst (quite dangerous; 19% risk of failure)
Confirm with . or Enter, or press ? or * to list all spells.
Okay, then.
Unknown command.
What are your orders? t - Shout!
Orders for allies: a - Attack new target. r - Retreat! s - Stop attacking. g - Guard the area. f - Follow me.
Anything else - Cancel.
You shout for attention!
What are your orders? t - Shout!
Orders for allies: a - Attack new target. r - Retreat! s - Stop attacking. g - Guard the area. f - Follow me.
Anything else - Cancel.
You shout for attention!
What are your orders? t - Shout!
Orders for allies: a - Attack new target. r - Retreat! s - Stop attacking. g - Guard the area. f - Follow me.
Anything else - Cancel.
You shout for attention!
What are your orders? t - Shout!
Orders for allies: a - Attack new target. r - Retreat! s - Stop attacking. g - Guard the area. f - Follow me.
Anything else - Cancel.
You shout for attention!
What are your orders? t - Shout!
Orders for allies: a - Attack new target. r - Retreat! s - Stop attacking. g - Guard the area. f - Follow me.
Anything else - Cancel.
You shout for attention!
A minotaur comes into view.
It is wielding a +5 battleaxe of flaming.
The minotaur bellows!
The minotaur throws a javelin.
The javelin closely misses you.
Casting: Starburst (quite dangerous; 19% risk of failure)
Confirm with . or Enter, or press ? or * to list all spells.
Aiming: Fireball (dangerous; 3% risk of failure)
Press: ? - help, Shift-Dir - straight line, f - minotaur
Aim: a minotaur, wielding a +5 battleaxe of flaming, wearing a +0 plate armour and quivering javelins You feel a huge surge of power!
The fireball explodes!
The fireball engulfs the minotaur!!
The minotaur is moderately wounded.
Casting: Fireball (dangerous; 3% risk of failure)
Confirm with . or Enter, or press ? or * to list all spells.
Aiming: Fireball (dangerous; 3% risk of failure)
Press: ? - help, Shift-Dir - straight line, f/p - minotaur
Aim: a minotaur, wielding a +5 battleaxe of flaming, wearing a +0 plate armour and quivering javelins (moderately wounded)
You feel a huge surge of power!
The fireball explodes!
The fireball engulfs the minotaur!
The minotaur is heavily wounded.
Casting: Fireball (dangerous; 3% risk of failure)
Confirm with . or Enter, or press ? or * to list all spells.
Aiming: Fireball (dangerous; 3% risk of failure)
Press: ? - help, Shift-Dir - straight line, f/p - minotaur
Aim: a minotaur, wielding a +5 battleaxe of flaming, wearing a +0 plate armour and quivering javelins (heavily wounded)
You feel a huge surge of power!
The fireball explodes!
The fireball engulfs the minotaur!!
The minotaur is almost dead.
Casting: Fireball (dangerous; 3% risk of failure)
Confirm with . or Enter, or press ? or * to list all spells.
The spell is quite dangerous to cast (19% risk of failure)!
Continue anyway?
Casting: Starburst (quite dangerous; 19% risk of failure)
Press: ? - help, Dir - look around, f - activate
Okay, then.
Casting: Starburst (quite dangerous; 19% risk of failure)
Confirm with . or Enter, or press ? or * to list all spells.
Aiming: Searing Ray (safe; 1% risk of failure)
Press: ? - help, Shift-Dir - straight line, f/p - minotaur
Aim: a minotaur, wielding a +5 battleaxe of flaming, wearing a +0 plate armour and quivering javelins (almost dead, 92% to hit)
You feel a surge of power!
The searing ray hits the minotaur.
The minotaur is almost dead. (Press . to maintain the ray.)
You block the minotaur's attack. The minotaur gores you!
The searing ray hits the minotaur but does no damage.
The minotaur is almost dead.
The minotaur hits you with a +5 battleaxe of flaming.
The minotaur burns you. The minotaur gores you!
Casting: Searing Ray (safe; 1% risk of failure)
Confirm with . or Enter, or press ? or * to list all spells.
The spell is quite dangerous to cast (19% risk of failure)!
Continue anyway?
Casting: Starburst (quite dangerous; 19% risk of failure)
Press: ? - help, Dir - look around, f - activate You feel a huge surge of power!
That beam is likely to hit you.
Continue anyway?
Okay, then.
Casting: Starburst (quite dangerous; 19% risk of failure)
Confirm with . or Enter, or press ? or * to list all spells.
Okay, then.
The minotaur hits you with a +5 battleaxe of flaming!!
* * * LOW HITPOINT WARNING * * *
The minotaur burns you.
You die...

.#.#.. .#8)#..#####
#..!#..#≈8§#
..8©#..#...#
#..=#..#.8.#
.#..#..#...#
..#h#..#.8.#
...##..#..†# ##########
#####..#...# #.@......#
......§#.©.####H######.#
.....§§#......#.# #.#
.....§§#.©.##.#.# #.#
#####§§#...##.#.. #.#
...##..#...##.########.#
###©#..#.8.##..........#
..###..#...#############
##.##..#.8.#


You could see a minotaur.

Vanquished Creatures
  A quicksilver ooze (Gauntlet)
  Erica (D:9)
  A glowing orange brain (Gauntlet)
  Pikel (D:5)
  An ugly thing (Gauntlet)
  A smoke demon (Gauntlet)
  A troll (D:8)
  Prince Ribbit (D:5)
  A wyvern (D:9)
  A wraith (D:9)
  6 yaks
  A warg (D:10)
  An acid dragon (D:9)
  3 ice beasts
  5 orc warriors
  A sky beast (D:5)
  3 ogres
  A necrophage (D:5)
  2 centaurs
  A lemure (D:5)
  2 phantoms
  3 kobold brigands
  A gnoll sergeant (D:5)
  2 bullfrogs (D:7)
  2 scorpions
  2 wyvern skeletons (D:7)
  8 wights
  A howler monkey (D:6)
  4 crimson imps (Gauntlet)
  2 centaur zombies
  A gnoll shaman (D:4)
  A bullfrog skeleton (D:6)
  A centaur skeleton (D:7)
  4 orc priests
  A hound (D:7)
  An iguana (D:5)
  5 orc wizards
  Natasha (thrice) (D:2)
  A statue (D:8)
  A killer bee zombie (D:7)
  3 hound skeletons
  14 gnolls
  2 howler monkey skeletons
  5 adders
  2 river rats
  A shadow imp (D:8)
  3 white imps (D:6)
  An ufetubus (D:6)
  A dart slug (D:2)
  16 orcs
  7 ball pythons
  7 endoplasms
  6 giant cockroaches
  5 goblins
  3 hobgoblins
  7 jackals
  5 quokkas
  6 bats
  5 frilled lizards
  23 kobolds
  9 rats
211 creatures vanquished.

Vanquished Creatures (others)
  A giant cockroach (D:4)
  26 demonic plants (Gauntlet)
27 creatures vanquished.

Grand Total: 238 creatures vanquished

Notes
Turn   | Place    | Note
-------+----------+-------------------------------------------
     0 | D:1      | fiver49 the Tengu Conjurer began the quest for the Orb.
     0 | D:1      | Reached XP level 1. HP: 10/10 MP: 4/4
   285 | D:1      | Reached XP level 2. HP: 15/15 MP: 3/6
   924 | D:1      | Found a faded altar of an unknown god.
   935 | D:1      | Reached XP level 3. HP: 19/19 MP: 5/7
  1444 | D:1      | Reached skill level 6 in Conjurations
  1444 | D:1      | Reached skill level 1 in Fire Magic
  2010 | D:2      | Noticed Natasha
  2015 | D:2      | Killed Natasha
  2016 | D:2      | Reached skill level 3 in Spellcasting
  2016 | D:2      | Reached XP level 4. HP: 16/24 MP: 3/9
  2118 | D:2      | Learned a level 2 spell: Searing Ray
  2284 | D:2      | Found Cauhy's Jewellery Boutique.
  2439 | D:2      | Noticed Natasha
  2442 | D:2      | Killed Natasha
  2548 | D:2      | Noticed Natasha
  2613 | D:2      | Killed Natasha
  2614 | D:2      | Gained mutation: Your magical nature lets you fly swiftly
                  | and evasively. [Tengu growth]
  2614 | D:2      | Reached XP level 5. HP: 28/28 MP: 2/11
  2715 | D:2      | Reached skill level 2 in Fire Magic
  3082 | D:2      | Found Poimaudd's Weapon Shoppe.
  3470 | D:3      | Found an iron altar of Okawaru.
  3498 | D:3      | Noticed Ijyb
  3669 | D:3      | Found a glowing drain.
  3677 | Sewer    | Entered a sewer
  3689 | Sewer    | Reached skill level 7 in Conjurations
  3871 | Sewer    | Noticed a kobold brigand
  3878 | Sewer    | Killed a kobold brigand
  3879 | Sewer    | Reached skill level 4 in Spellcasting
  3879 | Sewer    | Reached XP level 6. HP: 32/32 MP: 2/13
  3995 | Sewer    | Found a white marble altar of Elyvilon.
  4174 | D:3      | Found an ancient bone altar of Kikubaaqudgha.
  4660 | D:4      | Reached skill level 3 in Fire Magic
  4660 | D:4      | Reached XP level 7. HP: 36/36 MP: 2/14
  4822 | D:4      | You are sucked into a shaft and drop 1 floor!
  4822 | D:5      | Entered Level 5 of the Dungeon
  4921 | D:5      | Identified the +1 dagger of Oenomania {antimagic, rF+ rN+}
  4961 | D:5      | Reached skill level 8 in Conjurations
  5186 | D:5      | Noticed Grinder
  5205 | D:5      | Reached skill level 5 in Spellcasting
  5453 | D:5      | Reached skill level 2 in Shields
  5585 | D:5      | Reached skill level 3 in Shields
  5585 | D:5      | Reached XP level 8. HP: 41/41 MP: 7/16
  5762 | D:5      | Noticed Prince Ribbit
  5770 | D:5      | Killed Prince Ribbit
  5771 | D:5      | Reached skill level 4 in Shields
  5771 | D:5      | Reached skill level 9 in Conjurations
  6221 | D:4      | Found a snail-covered altar of Cheibriados.
  6221 | D:4      | Found a sparkling altar of Nemelex Xobeh.
  6272 | D:4      | Found a shimmering altar of Xom.
  6318 | D:4      | Found a shimmering altar of Xom.
  6318 | D:4      | Found a bloodstained altar of Trog.
  6320 | D:4      | Found a shimmering altar of Xom.
  6320 | D:4      | Found a white marble altar of Elyvilon.
  6320 | D:4      | Found a glowing silver altar of Zin.
  6656 | D:4      | Reached skill level 4 in Fire Magic
  6845 | D:4      | Learned a level 5 spell: Fireball
  6928 | D:6      | Noticed Pikel
  7097 | D:5      | Killed Pikel
  7098 | D:5      | Reached skill level 6 in Spellcasting
  7098 | D:5      | Reached skill level 10 in Conjurations
  7098 | D:5      | Reached XP level 9. HP: 45/45 MP: 8/19
  7297 | D:6      | Reached skill level 5 in Fire Magic
  7591 | D:6      | You are sucked into a shaft and drop 3 floors!
  7596 | D:8      | Found an ornate altar of the Wu Jian Council.
  7669 | D:8      | Found a radiant altar of Vehumet.
  7677 | D:8      | Became a worshipper of Vehumet
  7689 | D:7      | Found a shimmering blue altar of Sif Muna.
  7716 | D:7      | Reached skill level 7 in Spellcasting
  7877 | D:7      | Reached skill level 11 in Conjurations
  8067 | D:7      | Reached skill level 6 in Fire Magic
  8477 | D:7      | Found a staircase to the Ecumenical Temple.
  8882 | D:7      | You are sucked into a shaft and drop 1 floor!
  8957 | D:8      | Reached skill level 7 in Fire Magic
  8964 | D:8      | Reached skill level 12 in Conjurations
  8973 | D:8      | Reached XP level 10. HP: 50/50 MP: 3/21
  9336 | D:6      | Reached * piety under Vehumet
  9336 | D:6      | Offered knowledge of Shock by Vehumet.
  9697 | D:6      | Found a transporter.
  9699 | D:6      | Noticed lnt's ghost (novice MiBe)
  9700 | D:6      | Identified the +9 dire flail "Concordance" {vorpal, rCorr}
  9700 | D:6      | Identified the +3 dire flail of Ebaif {speed, Str+7 Dex+6
                  | Stlth-}
  9700 | D:6      | Noticed a two-headed ogre
  9704 | D:6      | Found a transporter.
  9774 | D:6      | Found a faded altar of an unknown god.
  9774 | D:6      | Found a faded altar of an unknown god.
  9782 | D:6      | Found a broken altar of Ashenzari.
  9807 | D:6      | Found a sacrificial altar of Ru.
  9809 | D:6      | Found an opulent altar of Gozag.
  9947 | D:8      | Reached skill level 1 in Fighting
 10118 | D:8      | Noticed Maurice
 10405 | D:9      | Found a burning altar of Makhleb.
 10482 | D:9      | Noticed Erica
 10489 | D:9      | Killed Erica
 10490 | D:9      | Reached skill level 2 in Fighting
 10490 | D:9      | Reached skill level 3 in Dodging
 10731 | D:9      | Learned a level 6 spell: Starburst
 11168 | D:9      | Found a glowing golden altar of the Shining One.
 11561 | D:10     | Entered Level 10 of the Dungeon
 11574 | D:9      | Reached skill level 1 in Armour
 11810 | D:10     | Reached skill level 8 in Fire Magic
 11956 | D:10     | Found a transporter.
 11962 | D:10     | Noticed a moth of wrath
 11964 | D:10     | Found a bloodstained altar of Trog.
 11972 | D:10     | Found a transporter.
 11972 | D:10     | Noticed a two-headed ogre
 11972 | D:10     | Noticed a two-headed ogre
 11973 | D:10     | Noticed RatsInWalls's ghost (journeyman TrBe)
 11988 | D:10     | Reached skill level 2 in Armour
 11988 | D:10     | Reached skill level 4 in Dodging
 11988 | D:10     | Reached skill level 3 in Stealth
 11990 | D:10     | Reached skill level 3 in Fighting
 12127 | D:10     | Found a staircase to the Lair.
 12186 | D:10     | Found a staircase to the Orcish Mines.
 12209 | D:10     | Offered knowledge of Foxfire by Vehumet.
 12415 | D:10     | Reached ** piety under Vehumet
 12967 | D:11     | Found a white marble altar of Elyvilon.
 12975 | D:11     | Found a gate leading to a gauntlet.
 12981 | D:11     | Noticed a six-headed hydra
 12984 | Gauntlet | Entered a Gauntlet
 12984 | Gauntlet | Noticed a smoke demon
 12984 | Gauntlet | Noticed a smoke demon
 12984 | Gauntlet | Found a transporter.
 12984 | Gauntlet | Found a transporter.
 12984 | Gauntlet | Found a transporter.
 12985 | Gauntlet | Found a transporter.
 12988 | Gauntlet | Found a transporter.
 12990 | Gauntlet | Noticed a quicksilver ooze
 12991 | Gauntlet | Noticed a death scarab
 12994 | Gauntlet | Noticed a death scarab
 12997 | Gauntlet | Found a transporter.
 12999 | Gauntlet | Found a transporter.
 13002 | Gauntlet | Found a transporter.
 13003 | Gauntlet | Found a transporter.
 13004 | Gauntlet | Noticed a glowing orange brain
 13010 | Gauntlet | Noticed a glowing orange brain
 13012 | Gauntlet | Found a transporter.
 13012 | Gauntlet | Found a transporter.
 13025 | Gauntlet | Noticed a cyan ugly thing
 13038 | Gauntlet | Found a transporter.
 13091 | Gauntlet | Killed a smoke demon
 13092 | Gauntlet | Reached XP level 11. HP: 59/60 MP: 17/23
 13116 | Gauntlet | Identified a scroll of acquirement
 13118 | Gauntlet | Acquired a staff of conjuration
 13146 | Gauntlet | Killed a quicksilver ooze
 13147 | Gauntlet | Reached skill level 3 in Armour
 13147 | Gauntlet | Reached skill level 4 in Stealth
 13154 | Gauntlet | Identified the +0 pair of gloves of Defence {Harm *Slow
                  | +Inv rC++}
 13207 | Gauntlet | Noticed a soul eater
 13207 | Gauntlet | Killed a glowing orange brain
 13208 | Gauntlet | Reached skill level 4 in Fighting
 13208 | Gauntlet | Reached skill level 8 in Spellcasting
 13208 | Gauntlet | Reached skill level 13 in Conjurations
 13262 | Gauntlet | Killed a cyan ugly thing
 13263 | Gauntlet | Reached skill level 5 in Dodging
 13421 | Gauntlet | Noticed a minotaur
 13427 | Gauntlet | HP: 3/61 [minotaur (25)]
 13427 | Gauntlet | Slain by a minotaur

Illustrated notes

Levels and vault maps discovered:
D:1:      ebering_trefoil_twist, layout_basic, hellmonk_ecumenical_altar_zigzags
D:2:      layout_loops_ring, serial_shops, nicolae_lakefront_shop, shop,
          minmay_nonomino_d4, uniq_natasha
D:3:      layout_rooms, mainiacjoe_overflow_small_starburst,
          mainiacjoe_overflow_alcove_2, gup_sewer_entry_bubbles,
          grunt_ministairs_14, uniq_ijyb
D:4:      layout_cave_pools, doesnt_xom_only_xom,
          gammafunk_temple_overflow_wave, lemuel_old_faithful
D:5:      layout_basic, minmay_misc_feat_tiny, uniq_prince_ribbit1, uniq_grinder
D:6:      layout_cave_pools, chequers_temple_overflow_minitemple,
          gammafunk_ghost_smash, uniq_pikel
D:7:      layout_loops_cross, nicolae_sif_muna_condensation,
          minmay_temple_entry_slanted
D:8:      layout_gridville, amcnicky_altar_gilded, vehumet_statue, uniq_maurice
D:9:      layout_loops_ring, mainiacjoe_overflow_cross_hatched,
          nicolae_tso_carved_into_rock, serial_co_window_serial,
          co_window_paths_b, co_window_paths_b, co_window_paths_a,
          co_window_corner_a, co_window_cross_1, co_window_paths_a,
          co_window_paths_b, co_window_paths_c, co_window_corner_b,
          co_window_broadway_a, co_window_2corner, co_window_broadway_b,
          co_window_paths_e, glass_columns_a, glass_columns_b, glass_columns_b,
          glass_columns_c, uniq_erica
D:10:     layout_loops_cross, lair_entry_dummy, david_orc_1_choice,
          gammafunk_ghost_wrathful_warriors, roderic_lattice_a
D:11:     layout_rooms, gauntlet_entry_generic, serial_shops,
          nicolae_shop_behind_doors, portal_ice_cave_entry_animals_and_master,
          elyvilon_altar_5
Gauntlet: gammafunk_gauntlet_hard_choice [gammafunk_gauntlet_arena_corners,
          gammafunk_gauntlet_arena_hedges, gammafunk_gauntlet_arena_grid,
          gammafunk_gauntlet_arena_split_diamond,
          gammafunk_gauntlet_arena_spirals, nicolae_gauntlet_arena_x,
          gauntlet_exit_spiral]

Skill      XL: |  1  2  3  4  5  6  7  8  9 10 11 |
---------------+----------------------------------+-----
Conjurations   | 6 7 8 10 12 13 | 13.0
Fire Magic     | 1 2 3 4 7 8 |  8.7
Spellcasting   | 3 4 5 6 7 8 |  8.0
Shields        | 3 4 |  4.0
Fighting       | 3 4 |  4.1
Dodging        | 4 5 |  5.0
Armour         | 2 3 |  3.5
Stealth        | 3 4 |  4.0

Action                   |  1- 3 |  4- 6 |  7- 9 | 10-12 || total
-------------------------+-------+-------+-------+-------++-------
Melee: Whip              |     2 |    25 |    21 |     3 ||    51
       Peck              |       |     1 |     3 |     1 ||     5
       Kick              |       |     1 |     3 |       ||     4
 Cast: Magic Dart        |    65 |    82 |   104 |    31 ||   282
       Searing Ray       |       |    16 |    51 |    33 ||   100
       Fireball          |       |       |       |    14 ||    14
       Starburst         |       |       |       |     4 ||     4
  Use: Scroll            |       |       |     3 |     9 ||    12
 Stab: Sleeping          |       |     1 |       |       ||     1
Armor: Robe              |       |     8 |     5 |       ||    13
       Troll leather arm |       |       |       |     1 ||     1
Dodge: Dodged            |     1 |    29 |    62 |    48 ||   140
Block: Buckler           |       |       |    29 |    18 ||    47

Table legend: (Time is in decaauts)
 A = Elapsed time spent in this place.
 B = Non-inter-level travel time spent in this place.
 C = Inter-level travel time spent in this place.
 D = Time resting spent in this place.
 E = Time spent auto-exploring this place.
 F = Levels seen in this place.
 G = Mean time per level.
                   A        B        C        D        E       F      G
               +--------+--------+--------+--------+--------+-----+--------+
         Total |  12816 |  12244 |    572 |   1087 |   9206 |  13 |  985.8 |
       Dungeon |  12060 |  11488 |    572 |    933 |   8942 |  11 | 1096.4 |
         Sewer |    339 |    339 |      0 |      0 |    264 |   1 |  339.0 |
      Gauntlet |    417 |    417 |      0 |    154 |      0 |   1 |  417.0 |
               +--------+--------+--------+--------+--------+-----+--------+

Top non-repeatable levels by time:
     D:1: 1761 daAuts
     D:5: 1504 daAuts
     D:2: 1334 daAuts
     D:9: 1257 daAuts
    D:10: 1182 daAuts
     D:8: 1120 daAuts
     D:3: 1071 daAuts
     D:7: 980 daAuts
     D:4: 960 daAuts
     D:6: 871 daAuts
Gauntlet: 417 daAuts
   Sewer: 339 daAuts
    D:11: 17 daAuts

Table legend:
 A = Kills in this place as a percentage of kills in entire the game.
 B = Kills by you in this place as a percentage of kills by you in the entire game.
 C = Kills by friends in this place as a percentage of kills by friends in the entire game.
 D = Other kills in this place as a percentage of other kills in the entire game.
 E = Experience gained in this place as a percentage of experience gained in the entire game.
 F = Experience gained in this place divided by the number of levels of this place that you have seen.
                   A       B       C       D       E      F
               +-------+-------+-------+-------+-------+----------------------
         Total | 100.0 | 100.0 |   N/A |   N/A | 100.0 | 955.5
       Dungeon |  91.4 |  91.4 |   N/A |   N/A |  72.4 | 817.5
         Sewer |   4.8 |   4.8 |   N/A |   N/A |   0.9 | 115.0
      Gauntlet |   3.8 |   3.8 |   N/A |   N/A |  26.7 | 3314.0
               +-------+-------+-------+-------+-------+----------------------
